 Dungeon Crawl Stone Soup version 0.29-a0-350-g7790a0e70a (webtiles) character file.

Game seed: 7389865136436493839

34294 Shayle the Nimble (level 13, -3/84 HPs)
             Began as a Tengu Brigand on Apr 22, 2022.
             Was a Priest of Ashenzari.
             Slain by an entropy weaver simulacrum (18 damage)
             ... in an ice cave on Apr 23, 2022.
             The game lasted 01:35:57 (21594 turns).

Shayle the Nimble (Tengu Brigand)                  Turns: 21594, Time: 01:35:58

Health: -3/84      AC:  6    Str: 12    XL:     13   Next: 76%
Magic:  25/25      EV: 22    Int: 17    God:    Ashenzari [***...]
Gold:   1217       SH:  0    Dex: 15    Spells: 2/27 levels left

rFire   + + .      SeeInvis +   x - +6 battleaxe
rCold   + . .      Faith    .   (shield currently unavailable)
rNeg    . . .      Spirit   .   p - +1 robe {rC+ rF+}
rPois   +          Reflect  .   (helmet restricted)
rElec   .          Harm     .   c - +2 cloak "Pangnostic Irritation" {Elem, Comp} (curse)
rCorr   .          Rampage  .   (no gloves)
Will    .....      Clarity  +   (boots unavailable)
Stlth   ++++......              u - amulet of the Fated Servitude {Regen+, Bglg, Alch} (curse)
HPRegen 1.04/turn               K - ring "Visionary of the Sky" {rPois, Self, Comp} (curse)
MPRegen 0.19/turn               r - ring of the Ether {rF+, Alch, Cun} (curse)

@: flying quickly and evasively, quick
A: beak, talons 3, nimble flight
a: Renounce Religion, Curse Item, Shatter the Chains


You were in an ice cave.
You worshipped Ashenzari.
Ashenzari was most pleased with you.
You visited 4 branches of the dungeon, and saw 20 of its levels.
You also visited: Sewer and Ice Cave.

You collected 1382 gold pieces.
You spent 165 gold pieces at shops.

Inventory:

Hand Weapons
 a - a +3 dagger
 q - the +11 dagger "Abbiegeo" {vamp, rF+}
   (You found it on level 5 of the Lair of Beasts)

   It occasionally heals its wielder for a portion of the damage dealt when it
   wounds a living foe.
   rF:        It protects you from fire.
 x - a +6 battleaxe (weapon)
 E - a +2 flail
Missiles
 d - 23 poisoned darts
 s - 3 atropa-tipped darts
 A - a silver boomerang (quivered)
 N - 14 curare-tipped darts
Armour
 b - a +0 robe
 c - the cursed +2 cloak "Pangnostic Irritation" (worn) {Elem, Comp}

   It has a curse which improves the following skills: Elements: Fire Magic, Ice
   Magic, Air Magic and Earth Magic.
   Companions: Summonings and Necromancy.
 h - the +1 robe of the Tuna {rF++ Str+3 Dex+2}
   (You found it on level 4 of the Dungeon)

   Str:       It affects your strength (+3).
   Dex:       It affects your dexterity (+2).
   rF:        It greatly protects you from fire.
 p - a +1 robe of resistance (worn)
 Q - the +0 robe of Serretah {rC+ rCorr Dex+4 Slay+3}
   (You found it on level 5 of the Lair of Beasts)

   Dex:       It affects your dexterity (+4).
   Slay:      It affects your accuracy & damage with ranged weapons and melee
   (+3).
   rC:        It protects you from cold.
   rCorr:     It protects you from acid and corrosion.
Jewellery
 r - the cursed ring of the Ether (right hand) {rF+, Alch, Cun}
   (You took it off a goblin on level 2 of the Dungeon)

   [ring of protection from fire]

   rF:        It protects you from fire.
   It has a curse which improves the following skills: Alchemy: Poison Magic and
   Transmutations.
   Cunning:   Dodging and Stealth.
 u - the cursed amulet of the Fated Servitude (around neck) {Regen+, Bglg, Alch}
   (You found it on level 8 of the Dungeon)

   [amulet of regeneration]

   Regen:     It increases your rate of health regeneration.
   It has a curse which improves the following skills: Beguiling: Conjurations,
   Hexes and Translocations.
   Alchemy:   Poison Magic and Transmutations.
 w - a ring of positive energy
 C - a ring of fire
 D - a +4 ring of evasion
 I - a ring of wizardry
 J - a +6 ring of strength
 K - the cursed ring "Visionary of the Sky" (left hand) {rPois, Self, Comp}
   (You found it on level 7 of the Dungeon)

   [ring of poison resistance]

   rPois:     It protects you from poison.
   It has a curse which improves the following skills: Introspection: Fighting
   and Spellcasting.
   Companions: Summonings and Necromancy.
 T - a +6 ring of strength
 U - a ring of protection from cold
Wands
 z - a wand of charming (5)
Scrolls
 f - a scroll of vulnerability
 i - 4 scrolls of enchant armour
 j - 5 scrolls of immolation
 k - 6 scrolls of teleportation
 y - a scroll of fear
 S - 2 scrolls of amnesia
Potions
 e - 2 potions of magic
 g - a potion of berserk rage
 l - 2 potions of resistance
 m - 4 potions of mutation
 n - 4 potions of haste
 t - 3 potions of curing
 v - 4 potions of might
 B - 3 potions of brilliance
 H - 5 potions of attraction
 M - a potion of lignification
 P - 2 potions of ambrosia


   Skills:
 + Level 9.8(11.4) Fighting
 - Level 2.1 Short Blades
 - Level 2.0 Throwing
 - Level 10.4(12.0) Dodging
 - Level 7.6(9.3) Stealth
 - Level 6.2(7.9) Spellcasting
 + Level 5.7(7.3) Conjurations
 + Level 3.0(4.4) Hexes
 + Level 4.0(6.2) Summonings
 + Level 5.8(8.2) Necromancy
 + Level 2.9(4.3) Translocations
 + Level 4.8(7.1) Transmutations
 + Level 5.8(7.4) Fire Magic
 + Level 5.7(7.3) Ice Magic
 + Level 6.6(8.2) Air Magic
 + Level 3.9(5.3) Earth Magic
 + Level 5.5(7.9) Poison Magic


You had 2 spell levels left.
You knew the following spells:

 Your Spells              Type           Power      Damage    Failure   Level
a - Freeze                Ice            100%       1d11      1%          1
b - Frozen Ramparts       Ice            62%        1d8       1%          3
c - Vampiric Draining     Necr           34%        2d8       1%          3
d - Hailstorm             Conj/Ice       31%        3d8       4%          4
e - Summon Forest         Summ/Tloc      12%        N/A       32%         5
f - Eringya's Noxious Bo  Tmut/Pois      16%        N/A       58%         6
g - Mephitic Cloud        Conj/Pois/Air  33%        N/A       1%          3

Your spell library contained the following spells:

 Spells                   Type           Power      Damage    Failure   Level
 Magic Dart               Conj           100%       1d8       1%          1
 Slow                     Hex            84%        N/A       1%          1
 Call Imp                 Summ           28%        N/A       1%          2
 Confusing Touch          Hex            21%        N/A       5%          3
 Malign Gateway           Summ/Tloc      12%        N/A       100%        7
 Summon Hydra             Summ           14%        N/A       100%        7
 Summon Horrible Things   Summ           14%        N/A       100%        8


Dungeon Overview and Level Annotations

Branches:
Dungeon (12/15)            Temple (1/1) D:7            Lair (5/6) D:8
 Shoals (0/4) Lair:2        Snake (0/4) Lair:4        Slime (0/5) Lair:5
    Orc (2/2) D:9           Sewer (visited)           IceCv (1/1)
    Elf: Orc:2

Altars:
Ashenzari
Cheibriados
Dithmenos
Elyvilon
Fedhas
Gozag
Hepliaklqana
Kikubaaqudgha
Makhleb
Nemelex Xobeh
Okawaru
Qazlal
Ru
Sif Muna
Trog
Uskayaw
Vehumet
Wu Jian
Xom
Zin
The Shining One
Beogh

Shops:
D:3 ((   D:8 *   Orc:1 (   Orc:2 =*[

Annotations:
D:2 1 runed translucent door, Crazy Yiuf
D:3 2 runed translucent doors, Antichthon's ghost, amateur NaWr
D:4 1 runed translucent door
D:5 1 runed translucent door, Edmund; chopper's ghost, novice MiFi
D:7 2 transporters
Lair:5 Nessos


Innate Abilities, Weirdness & Mutations

You have a beak for a mouth.
You have claws for feet.
Your magical nature lets you fly swiftly and evasively.


Message History

The silver javelin pierces through the entropy weaver simulacrum.
The entropy weaver simulacrum is severely damaged.
Throw: javelin (silver)
Press: ? - help, Q - select action, (/) - cycle Shift-Dir - straight line, f/p - entropy weaver simulacrum
Aim: an entropy weaver simulacrum (severely damaged, 72% to hit)
You throw a silver javelin.
The silver javelin pierces through the entropy weaver simulacrum.
The entropy weaver simulacrum is almost destroyed.
Throw: boomerang (silver)
Press: ? - help, Q - select action, (/) - cycle Shift-Dir - straight line, f/p - entropy weaver simulacrum
Aim: an entropy weaver simulacrum (almost destroyed, 72% to hit)
You throw a silver boomerang.
The silver boomerang barely misses the entropy weaver simulacrum.
The entropy weaver simulacrum completely misses you.
The entropy weaver simulacrum hits you but does no damage.
The entropy weaver simulacrum hits you.
The entropy weaver simulacrum freezes you!
You resist.
The entropy weaver simulacrum barely misses you.
Throw: boomerang (silver)
Press: ? - help, Q - select action, (/) - cycle Shift-Dir - straight line, f/p - entropy weaver simulacrum
Aim: an entropy weaver simulacrum (almost destroyed, 72% to hit)
You throw a silver boomerang.
The silver boomerang hits the entropy weaver simulacrum.
The entropy weaver simulacrum is almost destroyed.
The entropy weaver simulacrum misses you.
The entropy weaver simulacrum closely misses you.
The entropy weaver simulacrum completely misses you.
The entropy weaver simulacrum hits you.
The entropy weaver simulacrum freezes you!
You resist.
* * * LOW HITPOINT WARNING * * *
You closely miss the entropy weaver simulacrum.
The entropy weaver simulacrum is almost destroyed.
The entropy weaver simulacrum barely misses you.
The entropy weaver simulacrum hits you.
* * * LOW HITPOINT WARNING * * *
The entropy weaver simulacrum freezes you!!
You resist.
You die...

, ,, , * , , , *
, , , , , , * * *
.#* , , ** *
...### , , * #. ,
#.....###, ###...
*
#.....#####(...Z#
*#.@Z.(((..#*
####...#### ##.##
##.## ##...##
#..∩..# ##.∩.##
#####


You could see an entropy weaver simulacrum.

Vanquished Creatures
  A stone giant (Orc:2)
  An ettin (Orc:1)
  Josephine (Orc:2)
  A hydra (Lair:5)
  2 two-headed ogres
  A boulder beetle (Lair:1)
  Urug (Orc:2)
  2 ugly things (D:11)
  6 elephants (Lair:5)
  3 cyclopes
  A manticore (D:9)
  Joseph (D:7)
  A torpor snail (Lair:3)
  7 cane toads
  A gargoyle (D:11)
  A kobold demonologist (D:11)
  A rime drake (Lair:4)
  6 komodo dragons
  2 ice devils (D:12)
  4 trolls
  A polar bear (Lair:2)
  13 blink frogs
  Grinder (D:4)
  7 dream sheep (Lair:5)
  5 wraiths
  A vampire (D:11)
  45 yaks
  A shadow (D:11)
  6 wyverns
  2 basilisks
  A warg (Orc:1)
  A naga (Lair:4)
  A floating eye (Lair:5)
  7 water moccasins
  An ugly thing simulacrum (IceCv)
  A black bear (Lair:1)
  9 orc warriors
  2 ice beasts (D:7)
  3 ogres (Orc:1)
  2 centaurs
  A phantom (D:5)
  3 kobold brigands
  Blork the orc (D:5)
  2 gnoll sergeants
  A necrophage (D:6)
  9 bullfrogs
  2 scorpions
  2 wights (D:5)
  6 killer bees (D:9)
  6 howler monkeys
  2 electric eels
  A hound (D:5)
  2 jellies
  9 orc priests
  A human zombie (D:4)
  5 iguanas
  Jessica (D:2)
  Terence (D:2)
  A human skeleton (D:4)
  5 orc wizards
  Robin (D:3)
  9 gnolls
  10 adders
  5 river rats (Sewer)
  3 white imps
  2 worms
  A dart slug (D:3)
  44 orcs
  4 bats
  3 endoplasms (D:3)
  3 giant cockroaches
  13 goblins
  8 hobgoblins
  6 jackals
  3 quokkas
  12 ball pythons
  2 frilled lizards
  14 kobolds
  A kobold skeleton (D:4)
  9 rats
368 creatures vanquished.

Vanquished Creatures (collateral kills)
  A cyclops (Orc:2)
  An entropy weaver simulacrum (IceCv)
  An orc priest (Orc:2)
  An orc (Orc:2)
4 creatures vanquished.

Vanquished Creatures (others)
  An orc warrior (Orc:2)
  34 fungi
  56 plants
91 creatures vanquished.

Grand Total: 463 creatures vanquished

Notes
Turn   | Place    | Note
-------+----------+-------------------------------------------
     0 | D:1      | Shayle the Tengu Brigand began the quest for the Orb.
     0 | D:1      | Reached XP level 1. HP: 12/12 MP: 2/2
   475 | D:1      | Reached XP level 2. HP: 17/17 MP: 2/4
   833 | D:2      | Reached skill level 1 in Spellcasting
  1043 | D:2      | Reached skill level 2 in Dodging
  1043 | D:2      | Reached XP level 3. HP: 20/22 MP: 5/5
  1183 | D:2      | Found a faded altar of an unknown god.
  1302 | D:2      | Found a runed translucent door.
  1303 | D:2      | Noticed Crazy Yiuf
  1454 | D:2      | Noticed Terence
  1461 | D:2      | Killed Terence
  1662 | D:2      | Reached XP level 4. HP: 26/27 MP: 7/7
  1682 | D:2      | Noticed Jessica
  1684 | D:2      | Killed Jessica
  2491 | D:3      | Found Rac Gamm's Weapon Shoppe.
  2507 | D:3      | Reached skill level 3 in Dodging
  2507 | D:3      | Gained mutation: Your magical nature lets you fly swiftly
                  | and evasively. [Tengu growth]
  2507 | D:3      | Reached XP level 5. HP: 32/32 MP: 9/9
  2657 | D:3      | Found Danus's Antique Weapon Shop.
  2836 | D:3      | Found a large runed translucent door.
  2836 | D:3      | Found a large runed translucent door.
  2837 | D:3      | Noticed Antichthon's ghost (amateur NaWr)
  3085 | D:4      | Found a shimmering blue altar of Sif Muna.
  3161 | D:4      | Found a sacrificial altar of Ru.
  3212 | D:4      | Noticed Robin
  3248 | D:3      | Killed Robin
  3249 | D:3      | Reached XP level 6. HP: 30/38 MP: 11/11
  3340 | D:4      | Found a runed translucent door.
  3340 | D:4      | Noticed a human
  3478 | D:4      | Reached skill level 4 in Dodging
  3577 | D:4      | Noticed Grinder
  3579 | D:4      | Paralysed by Grinder for 5 turns
  3653 | D:4      | Paralysed by Grinder for 7 turns
  3672 | D:4      | Paralysed by Grinder for 2 turns
  3677 | D:4      | Killed Grinder
  3678 | D:4      | Reached XP level 7. HP: 34/44 MP: 11/13
  4076 | D:4      | Identified the +1 robe of the Tuna {rF++ Str+3 Dex+2}
  4212 | D:5      | Entered Level 5 of the Dungeon
  4312 | D:5      | Reached skill level 5 in Dodging
  4316 | D:5      | Reached skill level 5 in Fighting
  4537 | D:5      | Found a runed translucent door.
  4537 | D:5      | Noticed chopper's ghost (novice MiFi)
  4566 | D:5      | Noticed Blork the orc
  4582 | D:5      | Killed Blork the orc
  4806 | D:5      | Found a glowing drain.
  4812 | D:5      | Reached XP level 8. HP: 45/49 MP: 15/15
  4816 | Sewer    | Entered a sewer
  5808 | D:5      | Noticed Edmund
  6237 | D:6      | Reached skill level 6 in Dodging
  6435 | D:6      | Learned a level 1 spell: Freeze
  6595 | D:6      | Reached skill level 5 in Spellcasting
  6602 | D:6      | Noticed a +0 dagger
  6602 | D:6      | Noticed a +0 short sword
  6603 | D:6      | Noticed a +0 falchion
  6603 | D:6      | Noticed a +0 spear
  6603 | D:6      | Noticed a +0 spear
  6604 | D:6      | Noticed a +0 short sword
  6605 | D:6      | Noticed a +0 falchion
  6606 | D:6      | Noticed a +0 dagger
  6610 | D:6      | Found a hide-covered altar of Uskayaw.
  7513 | D:7      | Found a shadowy altar of Dithmenos.
  7519 | D:7      | Found an iron altar of Okawaru.
  7577 | D:7      | Found a staircase to the Ecumenical Temple.
  7597 | Temple   | Entered the Ecumenical Temple
  7654 | Temple   | Became a worshipper of Ashenzari the Shackled
  7678 | D:7      | Noticed Joseph
  7694 | D:7      | Killed Joseph
  7695 | D:7      | Reached skill level 7 in Dodging
  7695 | D:7      | Reached XP level 9. HP: 26/57 MP: 17/19
  8238 | D:7      | Found an ornate altar of the Wu Jian Council.
  8333 | D:7      | Found a transporter.
  8374 | D:7      | Noticed a boulder beetle
  8400 | D:7      | Found a transporter.
  8400 | D:7      | Noticed a kobold demonologist
  8407 | D:7      | Noticed a kobold demonologist
  8411 | D:7      | Noticed a fire crab
  8999 | D:7      | Reached skill level 1 in Ice Magic
  9427 | D:8      | Found a stormy altar of Qazlal.
  9439 | D:8      | Reached skill level 8 in Dodging
 10122 | D:8      | Found Pamih's General Store.
 10128 | D:8      | Bought 2 scrolls of enchant armour for 165 gold pieces
 10166 | D:8      | Reached skill level 1 in Poison Magic
 10225 | D:8      | Found a staircase to the Lair.
 10362 | D:8      | Reached skill level 1 in Transmutations
 10362 | D:8      | Reached XP level 10. HP: 38/64 MP: 20/20
 10462 | Lair:1   | Entered Level 1 of the Lair of Beasts
 10552 | Lair:1   | Found a shadowy altar of Dithmenos.
 10599 | Lair:1   | Reached * piety under Ashenzari
 10644 | Lair:1   | Learned a level 3 spell: Frozen Ramparts
 10700 | Lair:1   | Noticed a cane toad
 10709 | Lair:1   | Killed a cane toad
 10710 | Lair:1   | Reached skill level 5 in Stealth
 10710 | Lair:1   | Reached skill level 1 in Air Magic
 10773 | Lair:1   | Reached skill level 1 in Necromancy
 10773 | Lair:1   | Reached skill level 1 in Fire Magic
 10880 | Lair:1   | Reached skill level 9 in Dodging
 10887 | Lair:1   | Reached skill level 1 in Earth Magic
 11137 | Lair:1   | Noticed a boulder beetle
 11152 | Lair:1   | Killed a boulder beetle
 11495 | Lair:1   | Noticed a cane toad
 11510 | Lair:1   | Reached XP level 11. HP: 67/69 MP: 16/21
 12037 | Lair:2   | Found a staircase to the Shoals.
 12156 | Lair:2   | Learned a level 3 spell: Vampiric Draining
 12662 | Lair:2   | Reached ** piety under Ashenzari
 13052 | Lair:3   | Reached skill level 1 in Conjurations
 13573 | Lair:3   | Reached *** piety under Ashenzari
 13887 | Lair:4   | Reached skill level 1 in Hexes
 13997 | Lair:4   | Found a staircase to the Snake Pit.
 14483 | Lair:4   | Reached XP level 12. HP: 77/79 MP: 24/24
 14490 | Lair:4   | Learned a level 4 spell: Hailstorm
 14809 | Lair:5   | Identified the +11 dagger "Abbiegeo" {vamp, rF+}
 14837 | Lair:5   | Reached skill level 1 in Summonings
 15039 | Lair:5   | Noticed a five-headed hydra
 15040 | Lair:5   | Found a staircase to the Slime Pits.
 15104 | Lair:5   | Identified the +0 robe of Serretah {rC+ rCorr Dex+4 Slay+3}
 15202 | Lair:5   | Noticed Nessos
 15605 | D:9      | Reached skill level 5 in Air Magic
 15641 | D:9      | Found a sparkling altar of Nemelex Xobeh.
 15666 | D:9      | Reached skill level 1 in Translocations
 16016 | D:9      | Found a staircase to the Orcish Mines.
 16812 | D:10     | Entered Level 10 of the Dungeon
 16858 | D:10     | Reached skill level 5 in Ice Magic
 16967 | D:10     | Noticed a two-headed ogre
 16987 | D:10     | Killed a two-headed ogre
 17217 | D:10     | Reached skill level 10 in Dodging
 17864 | Lair:5   | Killed a five-headed hydra
 17865 | Lair:5   | Reached skill level 5 in Fire Magic
 18086 | Lair:5   | Reached skill level 5 in Poison Magic
 18144 | Lair:5   | Reached XP level 13. HP: 66/84 MP: 2/25
 18288 | Lair:5   | Reached skill level 5 in Necromancy
 18325 | Lair:5   | Identified the cursed +2 cloak "Pangnostic Irritation"
                  | {Elem, Comp}
 18504 | Lair:5   | HP: 4/84 [Nessos/iceblast (4)]
 18854 | D:11     | Reached skill level 5 in Conjurations
 19272 | Orc:1    | Entered Level 1 of the Orcish Mines
 19681 | Orc:1    | Found Bit Zehiobb's Weapon Shop.
 19683 | Orc:1    | Noticed an ettin
 19699 | Orc:1    | Killed an ettin
 20020 | Orc:2    | Entered Level 2 of the Orcish Mines
 20020 | Orc:2    | Noticed Josephine
 20027 | Orc:2    | Killed Josephine
 20166 | Orc:2    | Noticed a stone giant
 20167 | Orc:2    | Found Uxau's General Store.
 20255 | Orc:2    | Noticed Urug
 20260 | Orc:2    | Killed a stone giant
 20325 | Orc:2    | Killed Urug
 20583 | Orc:2    | Found Dawease's Jewellery Boutique.
 20583 | Orc:2    | Noticed an ettin
 20603 | Orc:2    | Noticed an ettin
 20604 | Orc:2    | Found Nintul's Antique Armour Boutique.
 20962 | D:11     | Learned a level 5 spell: Summon Forest
 20969 | D:11     | Learned a level 6 spell: Eringya's Noxious Bog
 21163 | D:11     | Learned a level 3 spell: Mephitic Cloud
 21303 | D:12     | Found a frozen archway.
 21395 | IceCv    | Entered an ice cave
 21576 | IceCv    | HP: 3/84 [entropy weaver simulacrum (12)]
 21594 | IceCv    | Slain by an entropy weaver simulacrum

Illustrated notes

Levels and vault maps discovered:
D:1:      giann_bridges, layout_basic
D:2:      layout_loops_corners, dreamdust_ecumenical_altar_statues,
          minmay_tree_intersection, uniq_terence, uniq_jessica,
          uniq_crazy_yiuf_cottage
D:3:      layout_loops_ring, serial_shops, shop, shop,
          ebering_ghost_disaster_area
D:4:      layout_cave_pools, nicolae_ru_sacrificial_ziggurat,
          mainiacjoe_overflow_24_doors, dk_yredelemnul_ordeal, uniq_grinder,
          uniq_robin
D:5:      layout_cave_pools, portal_sewer_entry_d, ebering_ghost_sewer_d,
          uniq_edmund, uniq_blork_the_orc
D:6:      layout_gridville, nicolae_uskayaw_en_pointe, eino_curves_01
D:7:      gammafunk_wand_slinger, layout_basic,
          pdpol_wu_jian_five_deadly_venoms, minitemple,
          minmay_temple_entry_antechambers, palyth_stone_intersect, uniq_joseph
D:8:      layout_loops_ring, lemuel_doored_altar, minmay_lair_entry_grove,
          serial_shops, shop_statue, kennysheep_generic_room_6
D:9:      layout_loops_ring, lemuel_crystal_altar,
          minmay_orc_entry_temple_small, serial_bayou_pond_a,
          kennysheep_generic_room_9
D:10:     layout_roguey
D:11:     layout_loops_ring, st_stairs_6
D:12:     kennysheep_scales, layout_basic, portal_ice_cave_demonic_guard,
          dreamdust_mushroom_princess
Temple:   cyrus_circular_temple
Lair:1:   layout_long_grid, basic_altar, nzn_sisyphean_effort,
          infiniplex_staircase_pool
Lair:2:   layout_regular_city, shoals_dummy_entry, serial_bayou_ford_a,
          lemuel_fruit_fields
Lair:3:   layout_regular_city, grunt_megastairs_2, serial_bayou_shore_b
Lair:4:   layout_gridlike, guppyfry_snake_entry_garden
Lair:5:   layout_gridlike, minmay_slime_entry_eyes, fungi_pond_lemuel,
          grunt_megastairs_5, uniq_nessos
Orc:1:    layout_diamond_mine, serial_shops, shop
Orc:2:    grunt_orc_gardens, layout_diamond_mine, grunt_orc_garden,
          grunt_orc_garden, grunt_orc_garden, grunt_orc_garden, uniq_urug,
          uniq_josephine
IceCv:    ice_cave_hellmonk_azure_passage

Skill      XL: |  1  2  3  4  5  6  7  8  9 10 11 12 13 |
---------------+----------------------------------------+-----
Spellcasting   | 1 2 3 4 6 |  6.2
Dodging        | 2 3 4 5 7 8 9 10 | 10.4
Fighting       | 3 4 5 7 8 9 |  9.8
Ice Magic      | 2 3 4 5 |  5.7
Poison Magic   | 1 3 4 5 |  5.5
Transmutations | 1 2 3 4 |  4.8
Stealth        | 5 6 7 |  7.6
Air Magic      | 2 4 5 6 |  6.6
Necromancy     | 2 3 4 5 |  5.8
Fire Magic     | 2 3 5 |  5.8
Earth Magic    | 1 2 3 |  3.9
Conjurations   | 2 4 5 |  5.7
Hexes          | 1 2 3 |  3.0
Summonings     | 2 4 |  4.0
Translocations | 1 2 |  2.9
Short Blades   | |  2.1
Throwing       | |  2.0

Action                   |  1- 3 |  4- 6 |  7- 9 | 10-12 | 13-15 || total
-------------------------+-------+-------+-------+-------+-------++-------
Melee: Dagger            |    37 |   120 |   291 |   122 |   140 ||   710
       Peck              |     5 |    22 |    66 |    59 |    41 ||   193
       Kick              |    10 |    38 |   134 |    99 |    67 ||   348
       Punch             |       |     1 |     3 |     3 |     2 ||     9
       Battleaxe         |       |       |    84 |   159 |     7 ||   250
Throw: Dart              |     8 |    14 |    17 |    43 |     7 ||    89
       Throwing net      |       |       |       |     1 |       ||     1
       Javelin           |       |       |       |       |     4 ||     4
       Boomerang         |       |       |       |       |     3 ||     3
 Cast: Frozen Ramparts   |       |       |       |    70 |    20 ||    90
       Freeze            |       |       |       |     1 |       ||     1
       Vampiric Draining |       |       |       |    45 |    41 ||    86
       Hailstorm         |       |       |       |    13 |     2 ||    15
Invok: Curse Item        |       |       |     1 |     3 |       ||     4
Evoke: Wand              |       |     6 |    16 |    28 |     6 ||    56
  Use: Scroll            |       |    11 |     9 |     3 |     7 ||    30
       Potion            |       |     1 |     4 |     8 |     8 ||    21
 Stab: Distracted        |     1 |     2 |       |     1 |       ||     4
       Sleeping          |       |     6 |    13 |     2 |     5 ||    26
       Invisible         |       |       |       |     1 |       ||     1
       Fleeing           |       |       |       |       |     1 ||     1
Armor: Robe              |     2 |    17 |    48 |    31 |    29 ||   127
       Skin              |       |       |       |       |     8 ||     8
Dodge: Dodged            |    17 |    78 |   317 |   441 |   213 ||  1066

Table legend: (Time is in decaauts)
 A = Elapsed time spent in this place.
 B = Non-inter-level travel time spent in this place.
 C = Inter-level travel time spent in this place.
 D = Time resting spent in this place.
 E = Time spent auto-exploring this place.
 F = Levels seen in this place.
 G = Mean time per level.
                   A        B        C        D        E       F      G
               +--------+--------+--------+--------+--------+-----+--------+
         Total |  20589 |  19577 |   1012 |   4737 |   8511 |  22 |  935.9 |
       Dungeon |  12594 |  12034 |    560 |   2919 |   5120 |  12 | 1049.5 |
        Temple |     58 |     58 |      0 |      0 |     30 |   1 |   58.0 |
          Lair |   5575 |   5189 |    386 |   1214 |   2541 |   5 | 1115.0 |
  Orcish Mines |   1333 |   1268 |     65 |    452 |    378 |   2 |  666.5 |
         Sewer |    824 |    824 |      0 |      0 |    440 |   1 |  824.0 |
      Ice Cave |    202 |    202 |      0 |    150 |      0 |   1 |  202.0 |
               +--------+--------+--------+--------+--------+-----+--------+

Top non-repeatable levels by time:
     D:7: 1602 daAuts
     D:8: 1508 daAuts
  Lair:1: 1505 daAuts
     D:2: 1347 daAuts
     D:9: 1260 daAuts
  Lair:4: 1148 daAuts
     D:6: 1136 daAuts
     D:4: 1134 daAuts
     D:5: 1052 daAuts
  Lair:3: 995 daAuts
    D:11: 976 daAuts
  Lair:5: 968 daAuts
  Lair:2: 958 daAuts
     D:3: 931 daAuts
   Orc:1: 862 daAuts
